 Dungeon Crawl Stone Soup version 0.31-a0-1591-g515db51633 (webtiles) character file.

Game seed: 14096641722878969453

552 Ofeo the Sneak (level 7, 59/59 HPs)
             Began as a Red Draconian Brigand on Jan 7, 2024.
             Quit the game on level 5 of the Dungeon.
             The game lasted 00:04:38 (4495 turns).

Ofeo the Sneak (Red Draconian Brigand)              Turns: 4495, Time: 00:04:38

Health: 59/59      AC:  9    Str: 14    XL:     7   Next: 8%
Magic:  7/7        EV: 13    Int: 11    God:
Gold:   283        SH:  0    Dex: 16    Spells: 6/6 levels left

rFire   + + .        r - +0 long sword
rCold   . . .        (no shield)
rNeg    . . .        (body armour unavailable)
rPois   .            (helmet restricted)
rElec   .            b - +1 cloak
rCorr   .            (no gloves)
SInv    +            h - +0 pair of boots
Will    +....        (no amulet)
Stlth   +++          q - ring of see invisible
HPRegen 0.29/turn    g - ring of Isihes {rF+ Will+ Dex+2}
MPRegen 0.10/turn

%: no passive effects
@: no status effects
A: breathe fire, AC +6, unfitting armour, fire resistance 1, cold-blooded
a: Breathe Fire


You were on level 5 of the Dungeon.
You visited 1 branch of the dungeon, and saw 5 of its levels.

You collected 283 gold pieces.

Inventory:

Hand Weapons
 a - a +2 dagger
 r - a +0 long sword (weapon)
Missiles
 c - 10 poisoned darts (quivered)
 d - 3 curare-tipped darts
Armour
 b - a +1 cloak (worn)
 h - a +0 pair of boots (worn)
Jewellery
 g - the ring of Isihes (right hand) {rF+ Will+ Dex+2}
   (You found it on level 4 of the Dungeon)

   [ring of protection from fire]

   Dex+2:     It affects your dexterity (+2).
   rF+:       It protects you from fire.
   Will+:     It increases your willpower.
 q - a ring of see invisible (left hand)
Wands
 j - a wand of charming (14)
Scrolls
 e - a scroll of teleportation {@r3}
 i - a scroll of fear {unknown}
 m - 2 scrolls of vulnerability
 p - a scroll of blinking {@r4}
Potions
 f - a potion of brilliance
 k - a potion of experience
 l - a potion of lignification
 n - a potion of mutation {unknown}
 o - a potion of might {unknown}
 s - a potion of haste {@q3}


   Skills:
 + Level 4.2 Fighting
 - Level 3.6 Short Blades
 + Level 3.4 Throwing
 + Level 3.1 Dodging
 + Level 5.0 Stealth


You had 6 spell levels left.
You didn't know any spells.
Your spell library contained the following spells:

 Spells                   Type           Power      Damage    Failure   Level
 Call Imp                 Summ           0%         N/A       47%         2
 Sigil of Binding         Hex            0%         N/A       71%         3
 Dimensional Bullseye     Hex/Tloc       0%         N/A       98%         4
 Summon Cactus Giant      Summ           0%         N/A       100%        6


Dungeon Overview and Level Annotations

Branches:
Dungeon (5/15)
 Temple: D:4-7

Altars:
Sif Muna

Annotations:
D:3 Natasha


Innate Abilities, Weirdness & Mutations

You can breathe blasts of fire.
Your fiery red scales are hard. (AC +6)
You cannot fit into any form of body armour.
Your flesh is heat resistant. (rF+)
You are cold-blooded and may be slowed by cold attacks.


Message History

The phantom is almost destroyed.
The phantom misses you.
You closely miss the phantom.
The phantom is almost destroyed.
The phantom barely misses you.
The phantom hits you but does no damage.
You barely miss the phantom.
The phantom is almost destroyed.
The phantom hits you.
You take 2 damage, and have 50/52 hp.
You closely miss the phantom.
The phantom is almost destroyed.
The phantom hits you but does no damage.
You closely miss the phantom.
The phantom is almost destroyed.
The phantom hits you but does no damage.
The phantom completely misses you.
You closely miss the phantom.
The phantom is almost destroyed.
The phantom barely misses you.
You barely miss the phantom.
Your tail-slap misses the phantom.
The phantom is almost destroyed.
The phantom closely misses you.
Health restored: 52 You hit the phantom but do no damage.
The phantom is almost destroyed.
The phantom misses you.
You hit the phantom.
You destroy the phantom!
Your Dodging skill increases to level 3!
Your Stealth skill increases to level 5!
You have reached level 7!
Your scales start taking on a fiery red colour.
You learn Fire Magic much quicker.
You learn Ice Magic much slower.
You can breathe blasts of fire.
You feel resistant to heat.
No target in view!
No target in view!
Health restored: 59; MP restored: 7 Are you sure you want to abandon this character and quit the game? (Confirm with "yes".)

####...####.........####
##.........'.........+...
#....>.....#.........####
#..##..##..##.......## #
#..##..##..###.....##
#..###.##..# ##...## #
#..###.##..# ##'## #
#..........# #.########
#.......@.## #<#......#
######.#########.#.####.#
#.# #...........##.# #.#
#.###.....#.##.# #.#
##..[.#.##.# #)#
##.#....... #..
########## ###


There were no monsters in sight!

Vanquished Creatures
  A phantom (D:5)
  A scorpion (D:3)
  A bombardier beetle (D:4)
  A hound (D:4)
  4 iguanas
  A sleepcap (D:3)
  Natasha (D:3)
  10 adders
  3 dart slugs
  5 orcs
  5 bats
  6 endoplasms
  5 giant cockroaches
  8 goblins
  9 hobgoblins
  9 jackals
  6 kobolds
  7 quokkas
  13 ball pythons
  2 frilled lizards
  2 rats (D:2)
100 creatures vanquished.

Notes
Turn   | Place    | Note
-------+----------+-------------------------------------------
     0 | D:1      | Ofeo the Draconian Brigand began the quest for the Orb.
     0 | D:1      | Reached XP level 1. HP: 17/17 MP: 1/1
    89 | D:1      | Reached skill level 1 in Dodging
   197 | D:1      | Reached XP level 2. HP: 24/25 MP: 2/2
   453 | D:1      | Found a faded altar of an unknown god.
   792 | D:1      | Reached XP level 3. HP: 30/30 MP: 3/3
  1403 | D:2      | Reached skill level 4 in Stealth
  1934 | D:3      | Reached XP level 4. HP: 28/37 MP: 4/4
  2085 | D:3      | Noticed a scorpion
  2089 | D:3      | Killed a scorpion
  2090 | D:3      | Reached XP level 5. HP: 45/45 MP: 5/5
  2356 | D:3      | Found a shimmering blue altar of Sif Muna.
  2386 | D:3      | Noticed Natasha
  2394 | D:3      | Killed Natasha
  2470 | D:3      | Noticed Natasha
  2848 | D:4      | Got Sif Muna's Commentary on Productive Imprecation
  3105 | D:4      | Reached XP level 6. HP: 51/51 MP: 6/6
  3694 | D:4      | Identified the ring of Isihes {rF+ Will+ Dex+2}
  4251 | D:5      | Entered Level 5 of the Dungeon
  4485 | D:5      | Reached skill level 5 in Stealth
  4485 | D:5      | Your scales start taking on a fiery red colour.
  4485 | D:5      | Reached XP level 7. HP: 59/59 MP: 7/7
  4485 | D:5      | Gained mutation: Your flesh is heat resistant. (rF+) [Red
                  | Draconian growth]
  4495 | D:5      | Quit the game

Illustrated notes

Levels and vault maps discovered:
D:1:      mrwooster_arrival_statue, layout_loops_ring,
          ebering_ecumenical_altar_mist
D:2:      layout_loops_ring
D:3:      layout_basic, mainiacjoe_overflow_cross_hatched, interstate_on_off,
          uniq_natasha
D:4:      minmay_thinvault, layout_loops_cross, grunt_ministairs_6
D:5:      layout_loops_corners, kennysheep_slug_shrine, temple_green

Skill      XL: |  1  2  3  4  5  6 |
---------------+-------------------+-----
Dodging        | 1 2 3 |  3.1
Throwing       | 2 3 |  3.4
Stealth        | 4 5 |  5.0
Fighting       | 3 4 |  4.2
Short Blades   | 3 |  3.6

Action                     |  1- 3 |  4- 6 |  7- 9 || total
---------------------------+-------+-------+-------++-------
  Melee: Dagger            |   140 |   170 |       ||   310
         Tailslap          |    14 |    28 |       ||    42
         Punch             |       |     3 |       ||     3
         Long sword        |       |    31 |       ||    31
  Throw: Dart              |       |    51 |       ||    51
    Use: Scroll            |     3 |     8 |       ||    11
   Stab: Sleeping          |     8 |     4 |       ||    12
 Armour: Skin              |    65 |    96 |       ||   161
  Dodge: Dodged            |    72 |   119 |       ||   191

Table legend: (Time is in decaauts)
 A = Elapsed time spent in this place.
 B = Non-inter-level travel time spent in this place.
 C = Inter-level travel time spent in this place.
 D = Time resting spent in this place.
 E = Time spent auto-exploring this place.
 F = Levels seen in this place.
 G = Mean time per level.
                   A        B        C        D        E       F      G
               +--------+--------+--------+--------+--------+-----+--------+
         Total |   4462 |   4236 |    226 |      0 |   3506 |   5 |  892.4 |
       Dungeon |   4462 |   4236 |    226 |      0 |   3506 |   5 |  892.4 |
               +--------+--------+--------+--------+--------+-----+--------+

Top non-repeatable levels by time:
     D:4: 1418 daAuts
     D:1: 958 daAuts
     D:2: 945 daAuts
     D:3: 889 daAuts
     D:5: 250 daAuts
